 Dungeon Crawl Stone Soup version 0.30-a0-329-g85436e0a43 (webtiles) character file.

Game seed: 3351858297140102203

183 KarmaKiller the Sneak (level 5, 0/46 HPs)
             Began as a Naga Brigand on Oct 28, 2022.
             Slain by Sigmund
             ... wielding a +0 scythe
              (3 damage)
             ... on level 4 of the Dungeon.
             The game lasted 00:22:50 (2817 turns).

KarmaKiller the Sneak (Naga Brigand)                Turns: 2817, Time: 00:22:51

Health: 0/46       AC:  7    Str: 14    XL:     5   Next: 62%
Magic:  0/5        EV:  7    Int: 11    God:
Gold:   124        SH:  0    Dex: 14    Spells: 4/4 levels left

rFire   . . .      SeeInvis +    o - +3 hand axe
rCold   . . .      Faith    .    (no shield)
rNeg    . . .      Spirit   +    B - +1 scale mail {Will+}
rPois   +          Reflect  .    (no helmet)
rElec   .          Harm     .    c - +0 cloak
rCorr   +          Rampage  .    (no gloves)
Will    +....                    (no barding)
Stlth   ++........               u - amulet of guardian spirit
HPRegen 0.27/turn                y - ring of resist corrosion
MPRegen 0.09/turn                (no ring)

@: very slow
A: AC +1, large, see invisible, deformed body, poison resistance, slowness 2,
spit poison 1, naga tail 1
a: Spit Poison


You were on level 4 of the Dungeon.
You visited 1 branch of the dungeon, and saw 4 of its levels.

You collected 124 gold pieces.

Inventory:

Hand Weapons
 a - a +2 dagger
 f - a +2 whip of pain
 o - a +3 hand axe (weapon)
Missiles
 d - 14 poisoned darts (quivered)
 e - 3 curare-tipped darts
 l - 5 javelins
 r - 5 atropa-tipped darts
Armour
 b - a +0 robe
 c - a +0 cloak (worn)
 B - a +1 scale mail of willpower (worn)
Jewellery
 q - an amulet of guardian spirit
 u - an amulet of guardian spirit (around neck)
 y - a ring of resist corrosion (left hand)
Scrolls
 j - a scroll of immolation {unknown}
 m - 4 scrolls of fear {unknown}
 n - a scroll of teleportation {unknown}
 t - a scroll of noise {unknown}
 v - a scroll of blinking {unknown}
 w - a scroll of poison {unknown}
 x - a scroll of enchant weapon {unknown}
 z - a scroll of silence {unknown}
 A - a scroll of butterflies {unknown}
Potions
 g - a potion of cancellation {unknown}
 h - a potion of flight {unknown}
 k - a potion of attraction {unknown}
 s - a potion of heal wounds


   Skills:
 + Level 2.4 Fighting
 + Level 2.1 Short Blades
 + Level 2.2(2.3) Axes
 + Level 0.8(1.6) Maces & Flails
 + Level 2.3 Throwing
 + Level 1.4 Armour
 + Level 1.2 Dodging
 + Level 7.2 Stealth


You had 4 spell levels left.
You didn't know any spells.
Your spell library contained the following spells:

 Spells                   Type           Power      Damage    Failure   Level
 Gell's Gravitas          Tloc           0%         N/A       99%         3
 Lesser Beckoning         Tloc           0%         N/A       99%         3
 Ozocubu's Armour         Ice            0%         N/A       99%         3
 Teleport Other           Tloc           0%         N/A       99%         3
 Metabolic Englaciation   Hex/Ice        0%         N/A       100%        5
 Simulacrum               Ice/Necr       0%         N/A       100%        6


Dungeon Overview and Level Annotations

Branches:
Dungeon (4/15)
 Temple: D:4-7

Altars:

Annotations:
D:4 Sigmund


Innate Abilities, Weirdness & Mutations

Your serpentine skin is tough. (AC +1)
You have supernaturally acute eyesight. (SInv)
Armour fits poorly on your strangely shaped body.
Your system is resistant to poisons. (rPois)
You cover ground very slowly.
You can spit poison.
You have a snake-like lower body.


Message History

Sigmund flickers and vanishes for a moment.
You hit the gnoll but do no damage.
The gnoll is moderately wounded.
The gnoll barely misses you. Sigmund hits you but does no damage.
Throw: 15 darts (poison)
Press: ? - help, Q - select action, (/) - cycle Shift-Dir - straight line, f/p - Sigmund
Aim: Sigmund, wielding a +0 scythe and wearing a +0 robe (almost dead, slightly transparent, 57% to hit)
You throw a poisoned dart.
The poisoned dart closely misses Sigmund.
The gnoll hits you with a +0 flail.
You barely miss the gnoll.
The gnoll is moderately wounded.
Sigmund barely misses you. The gnoll barely misses you. x2
Found a club.
Found an escape hatch in the floor.
Sigmund gestures at you while chanting. The magic dart hits you!
The gnoll completely misses you. Sigmund hits you with a +0 scythe!
The gnoll hits you with a +0 flail.
* * * LOW HITPOINT WARNING * * *
You closely miss Sigmund.
Sigmund is almost dead.
You hit the gnoll. Sigmund hits you with a +0 scythe.
* * * LOW HITPOINT WARNING * * *
The gnoll closely misses you. The gnoll hits you but does no damage.
You hit Sigmund but do no damage.
Sigmund is almost dead.
You hit the gnoll.
You kill the gnoll!
Sigmund gestures at you while chanting. The magic dart hits you!
* * * LOW HITPOINT WARNING * * *
You hit Sigmund.
Sigmund is almost dead.
Sigmund laughs darkly.
Sigmund casts a spell at you. The puff of flame hits you.
* * * LOW HITPOINT WARNING * * *
You barely miss Sigmund.
Sigmund is almost dead.
Sigmund hits you with a +0 scythe.
You die...

...h.>....)..#
.....SS.............#
.g..................#
.g..................#
........(...........#
....................#
........(...........#
.............@@.....# #
..............).....#.#
#############....#.....
.. #........#### .##
#........# ..
#........# #.
#........# ##.
#........# .##..
#........# .....


You could see Sigmund (invisible) and a hound (wandering).

Vanquished Creatures
  A hound (D:4)
  Terence (D:3)
  4 gnolls
  An adder (D:3)
  A worm (D:2)
  3 dart slugs
  3 orcs (D:3)
  8 ball pythons
  4 endoplasms
  4 giant cockroaches
  5 goblins
  4 hobgoblins
  3 jackals (D:1)
  6 quokkas
  2 bats (D:1)
  3 frilled lizards
  8 kobolds
  5 rats
66 creatures vanquished.

Notes
Turn   | Place    | Note
-------+----------+-------------------------------------------
     0 | D:1      | KarmaKiller the Naga Brigand began the quest for the Orb.
     0 | D:1      | Reached XP level 1. HP: 19/19 MP: 1/1
    43 | D:1      | Reached skill level 6 in Stealth
   237 | D:1      | Reached skill level 1 in Dodging
   237 | D:1      | Reached XP level 2. HP: 26/26 MP: 2/2
   443 | D:1      | Reached XP level 3. HP: 29/32 MP: 3/3
  1626 | D:2      | Reached skill level 1 in Axes
  1722 | D:3      | Reached XP level 4. HP: 39/39 MP: 4/4
  1724 | D:3      | Reached skill level 7 in Stealth
  2509 | D:3      | Noticed Terence
  2529 | D:3      | Killed Terence
  2530 | D:3      | Reached skill level 1 in Armour
  2530 | D:3      | Reached XP level 5. HP: 30/45 MP: 2/5
  2794 | D:4      | Noticed Sigmund
  2816 | D:4      | HP: 2/46 [Sigmund/puff of flame (1)]
  2817 | D:4      | Slain by Sigmund

Illustrated notes

Levels and vault maps discovered:
D:1:      amcnicky_arrival_wind_blow, layout_basic
D:2:      layout_loops_ring, minmay_strange_pillars, st_stairs_12
D:3:      layout_loops_ring, minmay_diced_spiral, uniq_terence
D:4:      layout_basic, gammafunk_ghost_smash, uniq_duvessa, uniq_sigmund,
          uniq_menkaure

Skill      XL: |  1  2  3  4 |
---------------+-------------+-----
Stealth        | 6 7 |  7.2
Dodging        | 1 |  1.2
Throwing       | 2 |  2.3
Axes           | 1 2 |  2.2
Armour         | 1 |  1.4
Fighting       | |  2.4
Short Blades   | |  2.1
Maces & Flails | |  0.8

Action                   |  1- 3 |  4- 6 || total
-------------------------+-------+-------++-------
Melee: Dagger            |     6 |       ||     6
       Whip              |    32 |       ||    32
       Hand axe          |    49 |    74 ||   123
       Punch             |       |     1 ||     1
Throw: Dart              |    20 |    12 ||    32
  Use: Potion            |       |     2 ||     2
 Stab: Sleeping          |    10 |     2 ||    12
Armor: Robe              |     1 |       ||     1
       Ring mail         |    14 |       ||    14
       Scale mail        |    31 |    24 ||    55
Dodge: Dodged            |    30 |    38 ||    68

Table legend: (Time is in decaauts)
 A = Elapsed time spent in this place.
 B = Non-inter-level travel time spent in this place.
 C = Inter-level travel time spent in this place.
 D = Time resting spent in this place.
 E = Time spent auto-exploring this place.
 F = Levels seen in this place.
 G = Mean time per level.
                   A        B        C        D        E       F      G
               +--------+--------+--------+--------+--------+-----+--------+
         Total |   3767 |   3767 |      0 |    192 |      0 |   4 |  941.8 |
       Dungeon |   3767 |   3767 |      0 |    192 |      0 |   4 |  941.8 |
               +--------+--------+--------+--------+--------+-----+--------+

Top non-repeatable levels by time:
     D:1: 1445 daAuts
     D:3: 1260 daAuts
     D:2: 898 daAuts
     D:4: 163 daAuts
